 Dungeon Crawl Stone Soup version 0.28-a0-1212-gc6b4282bc0 (webtiles) character file.

Game seed: 11568347156017619658

31171 Htamos the Severer (level 13, 0/187 HPs)
             Began as a Hill Orc Berserker on Dec 21, 2021.
             Was a Follower of Beogh.
             Slain by a death yak (5 damage)
             ... on level 2 of the Lair of Beasts.
             The game lasted 00:48:13 (22481 turns).

Htamos the Severer (Hill Orc Berserker)            Turns: 22481, Time: 00:48:14

Health: 0/187      AC: 26    Str: 24 (27) XL:     13   Next: 56%
Magic:  19/19      EV:  2    Int:  7      God:    Beogh [*.....]
Gold:   729        SH:  5    Dex: 14      Spells: 12/12 levels left

rFire   . . .      SeeInvis +   G - +4 battleaxe
rCold   . . .      Faith    .   (shield currently unavailable)
rNeg    . . .      Spirit   .   (armour currently unavailable)
rPois   +          Reflect  +   (helmet currently unavailable)
rElec   .          Harm     .   (cloak currently unavailable)
rCorr   .          Rampage  .   (gloves currently unavailable)
Will    .....      NoTele   +   (boots currently unavailable)
Stlth   +.........              M - amulet of reflection
HPRegen 0.41/turn               D - +6 ring of strength
MPRegen 0.16/turn               R - ring of see invisible

@: tree-form, studying 2 skills
A: stationary, stasis, torment immunity, boosted hp
a: Renounce Religion


You were on level 2 of the Lair of Beasts.
You worshipped Beogh.
Beogh was aware of your devotion.
You were a tree.
You visited 2 branches of the dungeon, and saw 14 of its levels.
You also visited: Sewer, Ossuary and Bailey.

You collected 1092 gold pieces.
You spent 363 gold pieces at shops.

Inventory:

Hand Weapons
 a - a +0 hand axe
 k - a +2 vorpal hand axe
 m - a +3 scythe of venom
 E - the +3 dagger of Symmetry {vorpal, rN+++ Will- Dex-5 SInv}
   (You bought it in a shop on level 2 of the Dungeon)

   It inflicts extra damage upon your enemies.
   Dex:       It affects your dexterity (-5).
   rN:        It renders you almost immune to negative energy.
   SInv:      It lets you see invisible.
   Will:      It decreases your willpower.
 G - a +4 battleaxe (weapon)
Missiles
 c - 394 stones (quivered)
 x - 53 poisoned darts
 P - 5 curare-tipped darts
 V - 3 throwing nets
Armour
 b - a +0 animal skin
 d - a +0 ring mail
 j - a +0 chain mail
 y - a +0 buckler
 F - a +1 leather armour of cold resistance
 I - a +0 plate armour (melded)
 S - a scarf of repulsion
Jewellery
 o - an amulet of magic regeneration
 r - an amulet of the acrobat
 D - a +6 ring of strength (left branch)
 H - a +6 ring of intelligence
 M - an amulet of reflection (around neck)
 R - a ring of see invisible (right branch)
Wands
 i - a wand of digging (14)
 T - a wand of polymorph (2)
Scrolls
 e - 3 scrolls of enchant armour
 g - 2 scrolls of identify {@rr}
 h - 5 scrolls of enchant weapon
 u - 2 scrolls of immolation
 v - 3 scrolls of fog
 C - 3 scrolls of noise
 O - a scroll of vulnerability
Potions
 f - a potion of resistance
 n - 2 potions of attraction
 p - 5 potions of degeneration
 s - 2 potions of curing {@qc}
 B - 2 potions of mutation
 J - a potion of flight
 K - 2 potions of magic
Miscellaneous
 U - a condenser vane (inert)


   Skills:
 + Level 14.9 Fighting
 + Level 17.2 Axes
 + Level 15.2 Armour
 - Level 1.5 Dodging
 + Level 2.9 Shields
 * Level 8.6 Invocations


You had 12 spell levels left.
You didn't know any spells.
Your spell library contained the following spells:

 Spells                   Type           Power      Damage    Failure   Level
 Shock                    Conj/Air       0%         1d3       43%         1
 Portal Projectile        Hex/Tloc       0%         N/A       80%         3
 Swiftness                Air            0%         N/A       80%         3
 Airstrike                Air            0%         N/A       99%         4
 Blade Hands              Tmut           0%         N/A       100%        5
 Excruciating Wounds      Necr           0%         N/A       100%        5


Dungeon Overview and Level Annotations

Branches:
Dungeon (12/15)            Temple (0/1) D:5            Lair (2/6) D:9
    Orc (0/2) D:11          Sewer (visited)         Ossuary (visited)
 Bailey (visited)
  Swamp: Lair:2-4    Shoals: Lair:2-4     Snake: Lair:2-4    Spider: Lair:2-4

Altars:
Ashenzari
Dithmenos
Fedhas
Gozag
Hepliaklqana
Kikubaaqudgha
Nemelex Xobeh
Ru
Zin
The Shining One

Shops:
D:2 (   D:8 *?(=


Message History

Unknown command.
Unknown command.
As you read the scroll of fog, it crumbles to dust.
The scroll dissolves into smoke.
The death yak gores you but does no damage.
You block the death yak's attack.
You have turned to stone.
The death yak gores you!
* * * LOW HITPOINT WARNING * * *
The death yak gores you but does no damage. x2
The death yak gores you!
* * * LOW HITPOINT WARNING * * *
The death yak gores you but does no damage.
The death yak gores you!
* * * LOW HITPOINT WARNING * * *
The death yak gores you!
* * * LOW HITPOINT WARNING * * *
The death yak gores you!
* * * LOW HITPOINT WARNING * * *
The death yak gores you but does no damage.
The death yak gores you.
The death yak gores you but does no damage.
The death yak gores you.
* * * LOW HITPOINT WARNING * * *
The death yak gores you!
* * * LOW HITPOINT WARNING * * *
You turn to wood and can move again.
Unknown command.
Unknown command.
Unknown command.
Unknown command.
Okay, then.
Okay, then.
Really read the scroll of immolation?
Okay, then.
Really read the scroll of immolation?
As you read the scroll of immolation, it crumbles to dust.
The creatures around you are filled with an inner flame!
The death yak gores you but does no damage.
The death yak barely misses you. The death yak gores you.
You die...

#....##....## .........
#....##.....#######. .....##....#
P....##.....# ...... .... #....#
.+...##.....# P.... .... #....#
#....##.....# ...# .....##....#
..#####....## ... .....#.+#.##
..#.###....## #.###l......#.†###
............####Y§§..............
..............§Y♣§§..............
.............§§YY§.§.............
.............§§§§................
.............§..§........P.P.....
##....#.........Y........PP....#P
###..##............[........#.##.
##.#........###...........#....##
#..........###.#.#.##.....##...#P
#....#.....#........##....##...##


You could see 4 death yaks.

Vanquished Creatures
  Harold (D:11)
  A hydra (Lair:1)
  Erica (Lair:2)
  A centaur warrior (D:10)
  2 two-headed ogres
  2 death yaks
  2 cyclopes (D:11)
  Joseph (D:7)
  The ghost of ChaosChampion the Ruffian, a novice DrTm of Okawaru (D:5)
  4 cane toads
  Maggie (D:8)
  A kobold demonologist (D:9)
  A komodo dragon (Lair:1)
  3 trolls
  10 polar bears
  5 blink frogs (Lair:1)
  A centaur simulacrum (D:11)
  Sigmund (D:3)
  22 yaks
  2 wraiths
  A vampire (D:12)
  2 wyverns (Lair:2)
  2 steam dragons
  10 water moccasins
  An ice beast (D:5)
  15 orc warriors
  11 black bears
  A sky beast (D:6)
  10 wolves
  10 ogres
  10 centaurs
  3 kobold brigands
  4 elf zombies (Ossuary)
  A wyvern zombie (D:9)
  A scorpion (D:6)
  12 bullfrogs
  A water moccasin zombie (D:5)
  11 killer bees
  8 wights
  A howler monkey (D:9)
  5 centaur zombies
  3 jellies
  A hound (D:6)
  A human zombie (Ossuary)
  6 orc priests
  A gnoll shaman (D:4)
  A bullfrog skeleton (D:5)
  Jessica (D:2)
  2 iguanas
  Terence (D:1)
  6 orc wizards
  A killer bee zombie (D:7)
  2 hound skeletons
  2 howler monkey zombies
  2 mummies (Ossuary)
  5 adders
  12 gnolls
  A river rat (Lair:1)
  A white imp (D:8)
  An ufetubus (D:5)
  3 adder zombies (Ossuary)
  An adder skeleton (D:2)
  A worm (D:6)
  4 dart slugs
  50 orcs
  5 endoplasms
  2 giant cockroaches
  11 goblins
  8 hobgoblins
  2 jackals (Sewer)
  8 quokkas
  8 ball pythons
  3 bats
  3 frilled lizards (D:2)
  A goblin zombie (D:4)
  6 hobgoblin zombies (Ossuary)
  A jackal zombie (Ossuary)
  19 kobolds
  8 kobold zombies (Ossuary)
  12 orc zombies (Ossuary)
  5 rats
  3 rat zombies
397 creatures vanquished.

Vanquished Creatures (others)
  An orc warrior (D:11)
  An orc priest (D:11)
  An orc wizard (D:6)
  4 orcs (D:11)
  15 fungi
  23 plants
45 creatures vanquished.

Grand Total: 442 creatures vanquished

Notes
Turn   | Place    | Note
-------+----------+-------------------------------------------
     0 | D:1      | Htamos the Hill Orc Berserker began the quest for the Orb.
     0 | D:1      | Reached XP level 1. HP: 19/19 MP: 1/1
   198 | D:1      | Reached XP level 2. HP: 6/27 MP: 2/2
   200 | D:1      | Found a faded altar of an unknown god.
   216 | D:1      | HP: 1/27 [kobold/stone (1)]
  1291 | D:1      | Reached XP level 3. HP: 24/33 MP: 3/3
  1583 | D:2      | Noticed Terence
  1601 | D:1      | Killed Terence
  1717 | D:2      | Reached skill level 5 in Axes
  1763 | D:2      | Noticed Jessica
  1782 | D:2      | Killed Jessica
  1783 | D:2      | Reached XP level 4. HP: 41/41 MP: 4/4
  1967 | D:2      | Reached ** piety under Trog
  1989 | D:2      | Found Asubioru's Antique Weapon Emporium.
  2158 | D:2      | Reached skill level 5 in Fighting
  2214 | D:2      | Reached XP level 5. HP: 48/48 MP: 5/5
  2861 | D:3      | Noticed Sigmund
  2871 | D:3      | Killed Sigmund
  2872 | D:3      | Reached skill level 6 in Axes
  2872 | D:3      | Reached XP level 6. HP: 57/57 MP: 6/6
  2939 | D:3      | Found an opulent altar of Gozag.
  2955 | D:3      | Found an ancient bone altar of Kikubaaqudgha.
  3732 | D:4      | Found a sand-covered staircase.
  3740 | Ossuary  | Entered an ossuary
  3801 | Ossuary  | Reached skill level 7 in Axes
  3967 | Ossuary  | Reached *** piety under Trog
  3987 | Ossuary  | Reached XP level 7. HP: 43/64 MP: 7/7
  4373 | Ossuary  | Reached skill level 8 in Axes
  4630 | D:4      | Found a sacrificial altar of Ru.
  4772 | D:5      | Entered Level 5 of the Dungeon
  4994 | D:5      | Reached XP level 8. HP: 70/73 MP: 8/8
  5017 | D:5      | Paralysed by a gnoll for 4 turns
  5519 | D:5      | Reached skill level 5 in Armour
  5719 | D:5      | Found a hazy altar of Hepliaklqana.
  5771 | D:5      | Reached skill level 9 in Axes
  5879 | D:5      | Found a runed translucent door.
  5881 | D:5      | Noticed ChaosChampion's ghost (novice DrTm)
  6063 | D:5      | Found a staircase to the Ecumenical Temple.
  6170 | D:5      | Found a sparkling altar of Nemelex Xobeh.
  6298 | D:5      | Killed ChaosChampion's ghost
  6355 | D:6      | Found a shadowy altar of Dithmenos.
  6416 | D:6      | Reached skill level 10 in Axes
  6416 | D:6      | Reached XP level 9. HP: 83/83 MP: 9/9
  6566 | D:6      | Found a glowing drain.
  6570 | Sewer    | Entered a sewer
  6955 | D:6      | Found a blossoming altar of Fedhas.
  7808 | D:7      | Reached skill level 10 in Fighting
  7815 | D:7      | Reached skill level 11 in Axes
  8253 | D:7      | Noticed Joseph
  8274 | D:7      | Killed Joseph
  8375 | D:7      | Reached XP level 10. HP: 95/95 MP: 10/10
  8376 | D:7      | Reached skill level 12 in Axes
  8758 | D:7      | Found a glowing golden altar of the Shining One.
  8848 | D:8      | Found Luhyvypsui's Weapon Shoppe.
  8854 | D:8      | Noticed Maggie
  8873 | D:8      | Killed Maggie
  9442 | D:2      | Bought a runed hand axe for 126 gold pieces
  9443 | D:2      | Bought a scorched dagger for 147 gold pieces
  9443 | D:2      | Identified the +3 dagger of Symmetry {vorpal, rN+++ Will-
                  | Dex-5 SInv} (You bought it in a shop on level 2 of the
                  | Dungeon)
  9973 | D:8      | Found Deschez's Magic Scroll Shoppe.
  9977 | D:8      | Bought a scroll of enchant armour for 90 gold pieces
 10248 | D:8      | Found Norro's General Store.
 10443 | D:8      | Found Naroypug's Jewellery Shoppe.
 10824 | D:9      | Found a glowing silver altar of Zin.
 10843 | D:9      | Noticed a kobold demonologist
 10849 | D:9      | Noticed a rust devil
 10936 | D:9      | Killed a kobold demonologist
 10937 | D:9      | Reached skill level 13 in Axes
 11144 | D:9      | Noticed a two-headed ogre
 11151 | D:9      | Killed a two-headed ogre
 11305 | D:9      | Found a staircase to the Lair.
 12138 | D:10     | Entered Level 10 of the Dungeon
 12194 | D:10     | Noticed a centaur warrior
 12208 | D:10     | Killed a centaur warrior
 12209 | D:10     | Reached skill level 14 in Axes
 12209 | D:10     | Reached XP level 11. HP: 106/106 MP: 11/11
 12872 | D:10     | Found a broken altar of Ashenzari.
 13072 | D:11     | Fell from the grace of Trog
 13072 | D:11     | Became a worshipper of Beogh the Brigand
 13074 | D:11     | Found a staircase to the Orcish Mines.
 13367 | D:11     | Noticed a cyclops
 13379 | D:11     | Killed a cyclops
 13604 | D:11     | Noticed a cyclops
 13610 | D:11     | Killed a cyclops
 13963 | D:11     | Noticed Harold
 13975 | D:11     | Killed Harold
 14200 | D:10     | Noticed a two-headed ogre
 14642 | D:10     | Killed a two-headed ogre
 14968 | D:10     | Reached skill level 15 in Axes
 15793 | D:12     | Noticed a boulder beetle
 15795 | D:12     | Found a flagged portal.
 15801 | Bailey   | Entered a bailey
 15984 | Bailey   | Reached * piety under Beogh
 16206 | Bailey   | Reached skill level 1 in Invocations
 17125 | Bailey   | Paralysed by Trog for 3 turns
 17208 | D:12     | Reached skill level 16 in Axes
 17208 | D:12     | Reached XP level 12. HP: 117/117 MP: 14/14
 17522 | D:12     | Noticed a four-headed hydra
 17845 | Lair:1   | Entered Level 1 of the Lair of Beasts
 18437 | D:9      | Reached XP level 13. HP: 125/125 MP: 16/16
 18448 | D:9      | Reached skill level 5 in Invocations
 18554 | Lair:1   | Reached ** piety under Beogh
 19300 | Lair:1   | Reached skill level 17 in Axes
 19392 | Lair:1   | HP: 6/187 [polar bear[the rage of Trog] (7)]
 19899 | Lair:1   | Htamos: ??trog
 19899 | Lair:1   | beem: trog[1/10]: God of anger and violence. Expects
                  | followers to kill constantly in their name; hates magic and
                  | all who practice it.
 19899 | Lair:1   | Htamos: ??trog 2
 19899 | Lair:1   | beem: I don't have a page labeled trog_2 in my learndb.
 19899 | Lair:1   | Htamos: ??trog[2]
 19899 | Lair:1   | beem: trog[2/10]: Grants weapons constantly, with a strong
                  | +ench bias, some of which will even be ones you can use.
                  | See {weapon acquirement}. 50% of Trog-gifted melee weapons
                  | have the antimagic brand.
 19899 | Lair:1   | Htamos: ??trog[3]
 19899 | Lair:1   | beem: trog[3/10]: Gives abilities to go berserk, gain
                  | temporary regeneration and Will, turn books on the floor
                  | into flame clouds, and summon berserk allies.
 19899 | Lair:1   | Htamos: ??trog[4]
 19899 | Lair:1   | beem: trog[4/10]: http://i.imgur.com/PmRSz.png
 19901 | Lair:1   | Htamos: ??trog[5]
 19901 | Lair:1   | beem: trog[5/10]:
                  | http://images.moviepostershop.com/trog-movie-poster-1970-10
                  | 20255421.jpg
 19901 | Lair:1   | Htamos: ??trog[6]
 19901 | Lair:1   | beem: trog[6/10]: Actually just dyslexic and resentful
                  | about it.
 19901 | Lair:1   | Htamos: ??trog[7]
 19901 | Lair:1   | beem: trog[7/10]: I just opened up a wiz game to test out
                  | trog wrath first thing he gives my wizard game character
                  | is a +12 executioners axe of speed {+Fly rF+ Int+2} why
                  | couldn't you give me that like any other game trog
 19901 | Lair:1   | Htamos: ??trog[8]
 19901 | Lair:1   | beem: trog[8/10]:
                  | https://www.youtube.com/watch?v=4ZsehNvpYOY
 19901 | Lair:1   | Htamos: ??trog[9]
 19901 | Lair:1   | beem: trog[9/10]: +10 trip sword of speed as mfbe
 19901 | Lair:1   | Htamos: ??trog[10]
 19901 | Lair:1   | beem: trog[10/10]: jackcabral90: Trog is santa.
 21007 | Lair:2   | Reached skill level 1 in Shields
 21014 | Lair:2   | Reached skill level 15 in Armour
 21212 | Lair:2   | Noticed Erica
 21223 | Lair:2   | Killed Erica
 22480 | Lair:2   | HP: 5/187 [death yak (6)]
 22481 | Lair:2   | Slain by a death yak

Illustrated notes

Levels and vault maps discovered:
D:1:      dpeg_arrival_radiant, layout_rooms, shapermc_ecumenical_altar_ellora,
          supply_closet_lemuel, minmay_tetromino_s2
D:2:      layout_basic, serial_shops, shop, uniq_jessica, uniq_terence
D:3:      layout_loops_corners, lemuel_coloured_pillars_altar,
          nicolae_kikubaaqudgha_miasma_corner, kennysheep_cluttered_room,
          uniq_sigmund
D:4:      layout_rooms, marbit_many_paths, enter_ossuary_4
D:5:      layout_basic, nicolae_hepliaklqana_hazy_memory,
          nemelex_dance_club_becter, minmay_temple_entry_mist, serial_glass,
          glass_columns_c, glass_columns_b, hellmonk_ghost_happy_afterlife
D:6:      layout_layer_cave, mainiacjoe_overflow_alcove_1,
          nicolae_dithmenos_the_darkroom, gup_sewer_entry_spiral
D:7:      layout_rooms, tso_altar, uniq_joseph
D:8:      layout_basic, serial_shops, nicolae_shop_bloodbath_and_beyond,
          shop_coins, nicolae_shop_behind_doors,
          nicolae_shop_competitors_out_of_business, grunt_decor_arrowhead,
          uniq_maggie
D:9:      layout_loops_cross, lemuel_crystal_altar, lair_entry_dummy
D:10:     layout_cross, cheibrodos_ashenzari_chains, serial_co_window_serial,
          co_window_of_opportunity_a, co_window_paths_a, co_window_paths_b,
          co_window_paths_b, co_window_of_opportunity_a, co_window_corner_b,
          co_window_unsneaky_path_b, co_window_broadway_b, co_window_4corner_a
D:11:     layout_loops_ring, david_orc_2, uniq_harold
D:12:     layout_basic, enter_bailey_5
Lair:1:   layout_gridlike, infiniplex_staircase_pool
Lair:2:   layout_regular_city, serial_bayou_shore_a, uniq_erica

Skill      XL: |  1  2  3  4  5  6  7  8  9 10 11 12 13 |
---------------+----------------------------------------+-----
Fighting       | 4 5 6 7 9 11 12 14 | 14.9
Axes           | 5 6 7 8 10 11 14 16 17 | 17.2
Armour         | 3 4 5 7 8 13 14 15 | 15.2
Invocations    | 3 4 8 |  8.6
Shields        | 2 |  2.9
Dodging        | |  1.5

Action                   |  1- 3 |  4- 6 |  7- 9 | 10-12 | 13-15 || total
-------------------------+-------+-------+-------+-------+-------++-------
Melee: Hand axe          |    94 |   163 |   441 |    68 |       ||   766
       Scythe            |       |    37 |       |       |       ||    37
       Battleaxe         |       |       |       |   392 |   238 ||   630
Invok: Berserk           |     3 |     5 |    20 |    14 |       ||    42
       Trog's Hand       |       |     1 |       |       |       ||     1
       Convert to Beogh  |       |       |       |     1 |       ||     1
       Smiting           |       |       |       |       |     2 ||     2
Evoke: Wand              |       |       |       |    39 |     9 ||    48
       Condenser vane    |       |       |       |       |     1 ||     1
  Use: Potion            |     1 |     1 |     2 |     3 |    15 ||    22
       Scroll            |       |     4 |     4 |    14 |     5 ||    27
 Stab: Invisible         |       |       |       |       |     7 ||     7
Armor: Animal skin       |     5 |       |       |       |       ||     5
       Ring mail         |     9 |       |       |       |       ||     9
       Chain mail        |     9 |    98 |   216 |    70 |       ||   393
       Plate armour      |       |       |       |   195 |   130 ||   325
       Skin              |       |       |       |       |    48 ||    48
Dodge: Dodged            |    71 |    77 |   134 |   196 |   116 ||   594
Block: Other             |       |       |       |    80 |    59 ||   139
       Reflection        |       |       |       |     1 |       ||     1

Table legend: (Time is in decaauts)
 A = Elapsed time spent in this place.
 B = Non-inter-level travel time spent in this place.
 C = Inter-level travel time spent in this place.
 D = Time resting spent in this place.
 E = Time spent auto-exploring this place.
 F = Levels seen in this place.
 G = Mean time per level.
                   A        B        C        D        E       F      G
               +--------+--------+--------+--------+--------+-----+--------+
         Total |  22898 |  21994 |    904 |   6545 |  10309 |  17 | 1346.9 |
       Dungeon |  16720 |  15918 |    802 |   4830 |   8165 |  12 | 1393.3 |
          Lair |   3835 |   3734 |    101 |   1120 |   1768 |   2 | 1917.5 |
         Sewer |    298 |    298 |      0 |    128 |      0 |   1 |  298.0 |
       Ossuary |    629 |    629 |      0 |     12 |     69 |   1 |  629.0 |
        Bailey |   1414 |   1414 |      0 |    454 |    306 |   1 | 1414.0 |
               +--------+--------+--------+--------+--------+-----+--------+

Top non-repeatable levels by time:
  Lair:1: 2460 daAuts
     D:9: 2252 daAuts
    D:10: 2245 daAuts
     D:8: 1745 daAuts
     D:1: 1725 daAuts
    D:11: 1631 daAuts
  Bailey: 1414 daAuts
  Lair:2: 1375 daAuts
     D:5: 1296 daAuts
     D:6: 1294 daAuts
     D:3: 1208 daAuts
     D:7: 1064 daAuts
     D:4: 1023 daAuts
     D:2: 810 daAuts
 Ossuary: 629 daAuts
